 Dungeon Crawl Stone Soup version 0.28.0-53-g5a82cb258f (webtiles) character file.

Game seed: 14340215146701517613

102 dozzold the Cudgeller (level 4, -1/35 HPs)
             Began as a Demonspawn Chaos Knight on May 29, 2022.
             Was a Plaything of Xom.
             Killed from afar by a white imp (9 damage)
             ... with a puff of frost
             ... summoned by Natasha
             ... on level 2 of the Dungeon.
             The game lasted 00:02:16 (1889 turns).

dozzold the Cudgeller (Demonspawn Chaos Knight)     Turns: 1889, Time: 00:02:16

Health: -1/35      AC:  5    Str: 14    XL:     4   Next: 49%
Magic:  4/4        EV: 11    Int: 14    God:    Xom [.*....]
Gold:   63         SH:  0    Dex: 12    Spells: 3/3 levels left

rFire   . . .      SeeInvis .   a - +0 mace (chaos)
rCold   . . .      Faith    .   (no shield)
rNeg    . . .      Spirit   .   b - +2 leather armour
rPois   .          Reflect  .   (no helmet)
rElec   .          Harm     .   (no cloak)
rCorr   .          Rampage  .   (no gloves)
Will    .....                   (no boots)
Stlth   +.........              (no amulet)
HPRegen 0.11/turn               (no ring)
MPRegen 0.09/turn               (no ring)

@: no status effects
A: foul stench 1, demonic touch 1
a: Renounce Religion


You were on level 2 of the Dungeon.
You worshipped Xom.
You were a plaything of Xom.
You visited 1 branch of the dungeon, and saw 2 of its levels.

You collected 63 gold pieces.

Inventory:

Hand Weapons
 a - a +0 mace of chaos (weapon)
Armour
 b - a +2 leather armour (worn)
Jewellery
 h - a +6 ring of strength
Scrolls
 d - a scroll of holy word {unknown}
 f - a scroll of brand weapon {unknown}
 g - a scroll of identify {unknown}
 i - a scroll of teleportation {unknown}
Potions
 c - 3 potions of mutation {unknown}
 e - a potion of resistance {unknown}


   Skills:
 - Level 3.0 Fighting
 + Level 4.9 Maces & Flails
 - Level 1.7 Armour
 - Level 0.8 Dodging


You had 3 spell levels left.
You didn't know any spells.
Your spell library contained the following spells:

 Spells                   Type           Power      Damage    Failure   Level
 Alistair's Intoxication  Tmut/Pois      0%         N/A       100%        5
 Borgnjor's Vile Clutch   Necr/Erth      0%         N/A       100%        5
 Eringya's Noxious Bog    Tmut/Pois      0%         N/A       100%        6


Dungeon Overview and Level Annotations

Branches:
Dungeon (2/15)

Altars:

Annotations:
D:2 Natasha


Innate Abilities, Weirdness & Mutations

You may rarely emit foul miasma when damaged in melee.
Your touch may inflict minor irresistible damage on your foes.


Message History

Natasha, Servant of Life and Death comes into view.
Natasha hisses angrily.
Natasha mumbles some strange words.
Natasha casts a spell.
Natasha mewls in sadness.
Natasha closely misses you.
You see here a +0 dagger.
You closely miss Natasha. The white imp gestures at you.
The puff of frost hits you.
Natasha claws you but does no damage. x2
You hit Natasha but do no damage. Your touch misses Natasha.
Natasha completely misses you.
You closely miss Natasha. Your touch misses Natasha. Natasha claws you.
The white imp hits you but does no damage.
You hit Natasha.
Natasha is heavily wounded.
Natasha mumbles some strange words.
Natasha shimmers violently.
Natasha claws you! The white imp barely misses you.
You hit Natasha.
Natasha easily resists.
Natasha is heavily wounded.
Natasha misses you.
The white imp hits you but does no damage.
You completely miss Natasha. Your touch misses Natasha.
Natasha is heavily wounded.
Natasha claws you. The white imp barely misses you.
You hit Natasha but do no damage.
Natasha is heavily wounded.
Natasha claws you! The white imp closely misses you.
You hit Natasha but do no damage.
Natasha is heavily wounded.
Xom snickers.
Your orange potion falls out of your pack, then immediately jumps back in!
You are now a plaything of Xom.
Natasha claws you.
* * * LOW HITPOINT WARNING * * *
The white imp gestures at you. The puff of frost hits you!
You die...
Xom is highly amused!

#....#.....#.......#
#..........#.......#
#####......#.......# #####
#......#.......########....
#......#.............##.###
#......#......######.##.#
#......#.........#......#
#......[.5.....#.#.#.####
##+###..##@###.#.#.#.#
#..5h..# .#.#.#.######
##.##..##.#...#.......
#....)...#<..#.......
#.......#..###.#......(
+............#.#.######
#......##..#.#.#....#
#......##....#.###.##
#......##.####.# #.#


You could see an iron imp (summoned), Natasha and a white imp (summoned).

Vanquished Creatures
  Jessica (D:2)
  Natasha (D:2)
  An adder (D:2)
  2 worms (D:2)
  2 endoplasms (D:1)
  3 goblins
  5 hobgoblins
  11 kobolds
  5 ball pythons (D:1)
  3 bats
  2 frilled lizards
  3 rats
39 creatures vanquished.

Notes
Turn   | Place    | Note
-------+----------+-------------------------------------------
     0 | D:1      | dozzold the Demonspawn Chaos Knight began the quest for the
                  | Orb.
     0 | D:1      | Reached XP level 1. HP: 18/18 MP: 1/1
   158 | D:1      | Reached skill level 3 in Maces & Flails
   213 | D:1      | Found a faded altar of an unknown god.
   316 | D:1      | Gained mutation: Your touch may inflict minor irresistible
                  | damage on your foes. [demonic ancestry]
   316 | D:1      | Reached XP level 2. HP: 17/24 MP: 2/2
   470 | D:1      | XOM: silly message
  1010 | D:2      | XOM: silly message
  1014 | D:2      | Gained mutation: You may rarely emit foul miasma when
                  | damaged in melee. [demonic ancestry]
  1014 | D:2      | Reached XP level 3. HP: 24/29 MP: 3/3
  1113 | D:2      | XOM: divination: detect items
  1118 | D:2      | Reached skill level 4 in Maces & Flails
  1118 | D:2      | Noticed Natasha
  1125 | D:2      | Killed Natasha
  1286 | D:2      | XOM: divination: detect items
  1415 | D:2      | Reached XP level 4. HP: 34/35 MP: 4/4
  1712 | D:2      | Noticed Jessica
  1721 | D:2      | Killed Jessica
  1877 | D:2      | Noticed Natasha
  1889 | D:2      | XOM: silly message
  1889 | D:2      | Killed from afar by a white imp

Illustrated notes

Levels and vault maps discovered:
D:1:      eino_arrival_water_star, layout_basic, basic_ecumenical_altar,
          minmay_box_of_dots
D:2:      layout_basic, uniq_natasha, uniq_jessica

Skill      XL: |  1  2  3 |
---------------+----------+-----
Maces & Flails | 3 4 |  4.9
Fighting       | |  3.0
Armour         | |  1.7
Dodging        | |  0.8

Action                   |  1- 3 |  4- 6 || total
-------------------------+-------+-------++-------
Melee: Mace              |    94 |    24 ||   118
       Touch             |    11 |     2 ||    13
Armor: Leather armour    |    40 |     7 ||    47
Dodge: Dodged            |    87 |    15 ||   102
